 Dungeon Crawl Stone Soup version 0.29-a0-451-gfbfa42419e (console) character file.

Game seed: 9354972495796756499

366 Faeu the Sneak (level 6, -3/41 HPs)
             Began as a Vampire Enchanter on May 19, 2022.
             Slain by Duvessa
             ... wielding a +0 short sword
              (7 damage)
             ... on level 3 of the Dungeon.
             The game lasted 00:15:42 (4437 turns).

Faeu the Sneak (Vampire Enchanter)                  Turns: 4437, Time: 00:15:42

Health: -3/41      AC:  7    Str:  7    XL:     6   Next: 40%
Magic:  10/10      EV:  8    Int: 17    God:
Gold:   199        SH:  0    Dex: 17    Spells: 9/11 levels left

rFire   . . .      SeeInvis +   a - +1 dagger
rCold   . . .      Faith    .   (no shield)
rNeg    . . .      Spirit   .   x - +0 scale mail
rPois   .          Reflect  .   (no helmet)
rElec   .          Harm     .   w - +0 cloak
rCorr   .          Rampage  .   (no gloves)
Will    .....                   (no boots)
Stlth   +.........              (no amulet)
HPRegen 0.33/turn               g - ring of wizardry
MPRegen 0.12/turn               (no ring)

@: lit by a corona, healing quickly, glowing
A: alive, fangs 3, see invisible, vampiric 2
a: Exsanguinate


You were on level 3 of the Dungeon.
You visited 1 branch of the dungeon, and saw 4 of its levels.

You collected 199 gold pieces.

Inventory:

Hand Weapons
 a - a +1 dagger (weapon)
Missiles
 b - a poisoned dart (quivered)
 l - 59 stones
Armour
 w - a +0 cloak (worn)
 x - a +0 scale mail (worn)
Jewellery
 g - a ring of wizardry (left hand)
 m - a ring of protection from fire
 r - a +4 ring of evasion
 u - a ring of poison resistance
Scrolls
 f - 3 scrolls of noise {unknown}
 h - 5 scrolls of identify {unknown}
 i - 3 scrolls of vulnerability {unknown}
 j - 3 scrolls of teleportation {unknown}
 n - a scroll of enchant weapon {unknown}
 o - 2 scrolls of poison {unknown}
 q - a scroll of magic mapping {unknown}
 t - a scroll of blinking {unknown}
 v - a scroll of brand weapon {unknown}
Potions
 c - 2 potions of invisibility
 d - 3 potions of curing {unknown}
 e - a potion of degeneration {unknown}
 k - a potion of brilliance {unknown}
 p - a potion of flight {unknown}
 s - a potion of heal wounds {unknown}


   Skills:
 + Level 3.2 Short Blades
 + Level 3.7 Dodging
 + Level 6.4 Stealth
 + Level 3.2 Spellcasting
 + Level 6.2 Hexes


You had 9 spell levels left.
You knew the following spells:

 Your Spells              Type           Power      Damage    Failure   Level
a - Ensorcelled Hibernat  Hex/Ice        26%        N/A       34%         2

Your spell library contained the following spells:

 Spells                   Type           Power      Damage    Failure   Level
 Confusing Touch          Hex            23%        N/A       21%         3
 Tukima's Dance           Hex            23%        N/A       21%         3
 Dazzling Flash           Conj/Hex       26%        N/A       56%         3


Dungeon Overview and Level Annotations

Branches:
Dungeon (4/15)
 Temple: D:4-7

Altars:
Makhleb
Yredelemnul

Shops:
D:1 *   D:3 *

Annotations:
D:3 3 runed translucent doors, Dowan; Duvessa; anet's ghost, amateur DECj


Innate Abilities, Weirdness & Mutations

Your natural rate of healing is accelerated.
You have razor-sharp teeth.
You have supernaturally acute eyesight. (SInv)
You are afflicted with vampirism and can become a bat while bloodless.


Message History

Dowan gestures wildly while chanting.
Dowan blinks!
Duvessa hits you with a +0 short sword.
You hit Duvessa but do no damage. You bite Duvessa.
Duvessa is heavily wounded.
Dowan barely misses you. Duvessa hits you with a +0 short sword.
You hit Duvessa.
Duvessa is severely wounded.
Dowan gestures at you while chanting. The puff of frost hits you.
Duvessa hits you with a +0 short sword.
Your magical contamination has completely faded away.
You hit Duvessa but do no damage.
Duvessa is severely wounded.
Duvessa barely misses you. Dowan hits you but does no damage.
You closely miss Duvessa.
Duvessa is severely wounded.
Dowan casts a spell at you.
You are outlined in light.
Duvessa hits you with a +0 short sword.
You barely miss Duvessa. You bite Duvessa, but do no damage.
Duvessa is severely wounded.
You hit Duvessa but do no damage.
Duvessa is severely wounded.
Dowan hits you with a +0 dagger. Duvessa hits you but does no damage.
You closely miss Duvessa. Your bite misses Duvessa.
Duvessa is severely wounded.
Dowan hits you but does no damage. Duvessa hits you with a +0 short sword!
* * * LOW HITPOINT WARNING * * *
You can't go down here!
Duvessa closely misses you. Dowan hits you but does no damage.
You climb upwards.
Level annotation: 3 runed translucent doors, anet's ghost, amateur DECj
There is a stone staircase leading down here.
Duvessa attacks as you move away! Duvessa hits you with a +0 short sword.
* * * LOW HITPOINT WARNING * * *
Duvessa says, "My weaknesses are his strengths!"
Dowan attacks as you move away! Dowan hits you but does no damage.
Duvessa barely misses you.
You barely miss Duvessa.
Duvessa is severely wounded.
Duvessa hits you with a +0 short sword!
You die...

#.#.###......#.###......#.....#
#.#.# #.#....#.#...####.#.#.###
#.#.# #.#.####.#......#.#.#.###
#.#.# #..........#.##.#.#.#....
#.#.#####.####..#####.#<#......
#.#..........#........#.###....
#.############.....####.# #....
#..........# #.>...####.# #....
##########.# #..........# #....
#.# #ee...########.... #.#
#@....# #..... #.# #.....#
#...## #.# #.....# #...# #.#
#..#.##### #...# #.# #..#..)..#
#...# #.# #..#####.####...#
#.###....#.....######
#......#.#.....#
############.#.....#
#............#.....#
#.############.....# ###


You could see Duvessa (poisoned) and Dowan.

Vanquished Creatures
  An ogre (D:4)
  A scorpion (D:4)
  A howler monkey (D:3)
  An orc priest (D:3)
  7 adders
  2 worms
  3 dart slugs
  9 orcs (D:3)
  8 ball pythons
  3 endoplasms
  3 giant cockroaches
  5 goblins
  7 hobgoblins
  6 jackals
  7 kobolds
  4 bats
  2 frilled lizards
  4 rats
74 creatures vanquished.

Vanquished Creatures (others)
  2 fungi (D:3)
  2 plants (D:3)
4 creatures vanquished.

Grand Total: 78 creatures vanquished

Notes
Turn   | Place    | Note
-------+----------+-------------------------------------------
     0 | D:1      | Faeu the Vampire Enchanter began the quest for the Orb.
     0 | D:1      | Reached XP level 1. HP: 13/13 MP: 3/3
   199 | D:1      | Reached XP level 2. HP: 9/19 MP: 5/5
   686 | D:1      | Found Fadeukib's Assorted Antiques.
   972 | D:2      | Found a faded altar of an unknown god.
   985 | D:2      | Gained mutation: You are afflicted with vampirism and can
                  | become a bat while bloodless. [Vampire growth]
   985 | D:2      | Reached XP level 3. HP: 24/24 MP: 6/6
  1003 | D:2      | Reached skill level 5 in Stealth
  1016 | D:2      | Found a basalt altar of Yredelemnul.
  1192 | D:2      | You fall into a shaft and drop 1 floor!
  1328 | D:3      | Found a runed translucent gate.
  1328 | D:3      | Noticed a kobold brigand
  1329 | D:3      | Found a runed translucent gate.
  1330 | D:3      | Found a runed translucent gate.
  1331 | D:3      | Noticed anet's ghost (amateur DECj)
  1346 | D:3      | Reached skill level 5 in Hexes
  1482 | D:3      | Reached XP level 4. HP: 26/30 MP: 7/7
  1652 | D:3      | HP: 1/30 [poisoned by an adder]
  2196 | D:2      | Reached XP level 5. HP: 34/35 MP: 9/9
  2260 | D:2      | Learned a level 2 spell: Ensorcelled Hibernation
  2905 | D:3      | Found Ecoavugh's General Store.
  3513 | D:4      | Reached XP level 6. HP: 36/41 MP: 3/10
  3688 | D:4      | Noticed Duvessa
  3689 | D:4      | Noticed Dowan
  4274 | D:4      | Found a burning altar of Makhleb.
  4437 | D:3      | Slain by Duvessa

Illustrated notes

Levels and vault maps discovered:
D:1:      elethiomel_arrival_quiet, layout_rooms, serial_co_window_serial,
          co_window_paths_a, co_window_paths_a, co_window_of_opportunity_a,
          co_window_paths_b, co_window_paths_a, co_window_cross_2,
          co_window_broadway_a, co_window_corner_b, co_window_of_opportunity_b,
          co_window_2corner, glass_columns_a, glass_columns_c, glass_columns_b,
          serial_shops, nicolae_shop_statue_plus
D:2:      layout_basic, basic_ecumenical_altar, basic_altar
D:3:      layout_basic, serial_shops, shop, gammafunk_ghost_nasty_kobolds
D:4:      minmay_inner_zag, layout_basic, bloody_makhleb, nzn_random_ring,
          uniq_duvessa

Skill      XL: |  1  2  3  4  5  6 |
---------------+-------------------+-----
Stealth        | 5 6 |  6.4
Short Blades   | 2 3 |  3.2
Hexes          | 5 6 |  6.2
Dodging        | 3 |  3.7
Spellcasting   | 3 |  3.2

Action                   |  1- 3 |  4- 6 || total
-------------------------+-------+-------++-------
Melee: Dagger            |   108 |   196 ||   304
       Bite              |    10 |    24 ||    34
       Punch             |     1 |       ||     1
Throw: Stone             |     2 |     2 ||     4
       Dart              |       |     4 ||     4
 Cast: Ensorcelled Hiber |       |    10 ||    10
 Stab: Sleeping          |    11 |    10 ||    21
Armor: Robe              |    11 |       ||    11
       Leather armour    |    18 |    30 ||    48
       Scale mail        |       |    18 ||    18
Dodge: Dodged            |    61 |   115 ||   176

Table legend: (Time is in decaauts)
 A = Elapsed time spent in this place.
 B = Non-inter-level travel time spent in this place.
 C = Inter-level travel time spent in this place.
 D = Time resting spent in this place.
 E = Time spent auto-exploring this place.
 F = Levels seen in this place.
 G = Mean time per level.
                   A        B        C        D        E       F      G
               +--------+--------+--------+--------+--------+-----+--------+
         Total |   4412 |   3865 |    547 |    215 |   2523 |   4 | 1103.0 |
       Dungeon |   4412 |   3865 |    547 |    215 |   2523 |   4 | 1103.0 |
               +--------+--------+--------+--------+--------+-----+--------+

Top non-repeatable levels by time:
     D:3: 2238 daAuts
     D:1: 875 daAuts
     D:2: 821 daAuts
     D:4: 477 daAuts
